 Dungeon Crawl Stone Soup version 0.31-a0-177-g4aa6249778 (webtiles) character file.

Game seed: 11410520173427009756

296524 rabbitsville the Eclecticist (level 20, -12/137 HPs)
             Began as a Naga Conjurer on June 18, 2023.
             Was a High Priest of Cheibriados.
             Killed from afar by a war gargoyle (24 damage)
             ... with a spray of metal splinters
             ... on level 5 of the Vaults on June 19, 2023.
             The game lasted 06:53:24 (32334 turns).

rabbitsville the Eclecticist (Naga Conjurer)       Turns: 32334, Time: 06:53:24

Health: -12/137    AC: 24    Str: 25    XL:     20   Next: 91%
Magic:  17/53      EV:  7    Int: 48    God:    Cheibriados [*****.]
Gold:   2409       SH: 17    Dex: 27    Spells: 12/60 levels left

rFire   . . .        O - +6 war axe "Cuohiban" {protect, *Noise rPois MP+9 SInv}
rCold   + . .        U - +5 Storm Queen's Shield {shock, Fly rElec}
rNeg    + . .        n - +4 robe of Augmentation {Str+4 Int+4 Dex+4}
rPois   +            S - +1 helmet of Absence {rN+ Will+}
rElec   +            R - scarf {repulsion}
rCorr   .            H - +2 pair of gloves
SInv    +            V - +2 barding {rC+}
Will    +++..        v - amulet of magic regeneration
Stlth   ++           t - ring of wizardry
HPRegen 0.42/turn    Z - +6 ring of intelligence
MPRegen 0.73/turn

%: repel missiles, wizardry (x1)
@: flying, contaminated, slowed, glowing, unable to drink, very slow
A: AC +6, large, see invisible, deformed body, poison resistance, slowness 2,
spit poison 1, naga tail 2, deterioration 2, dopey 1, frail 1, weak 1, subdued
magic 1, inability to drink after injury 1
}: 2/15 runes: serpentine, barnacled
a: Spit Poison, Renounce Religion, Bend Time, Temporal Distortion, Slouch, Step
From Time


You were on level 5 of the Vaults.
You worshipped Cheibriados.
Cheibriados was extremely pleased with you.
You visited 8 branches of the dungeon, and saw 38 of its levels.
You visited 1 bazaar.
You also visited: Gauntlet.

You collected 5096 gold pieces.
You spent 2687 gold pieces at shops.

Inventory:

Hand Weapons
 O - the +6 war axe "Cuohiban" (weapon) {protect, *Noise rPois MP+9 SInv}
   (You took it off a minotaur in a Gauntlet)

   rPois:     It protects you from poison.
   MP:        It affects your magic capacity (+9).
   SInv:      It lets you see invisible.
   *Noise:    It may make noises in combat.
Missiles
 a - 4 throwing nets
Armour
 n - the +4 robe of Augmentation (worn) {Str+4 Int+4 Dex+4}
   (You found it on level 3 of the Dungeon)

   Str:       It affects your strength (+4).
   Int:       It affects your intelligence (+4).
   Dex:       It affects your dexterity (+4).
 H - a +2 pair of gloves (worn)
 M - a scarf of resistance
 P - the +5 scale mail of the Armadillo {Will+ MP+9}
   (You found it on level 15 of the Dungeon)

   MP:        It affects your magic capacity (+9).
   Will:      It increases your willpower.
 R - a scarf of repulsion (worn)
 S - the +1 helmet of Absence (worn) {rN+ Will+}
   (You found it in a Gauntlet)

   rN:        It protects you from negative energy.
   Will:      It increases your willpower.
 U - the +5 Storm Queen's Shield (worn) {shock, Fly rElec}
   (You found it in a Gauntlet)

   Shock:     When it blocks an attack, it may electrocute the attacker.
   This works even against foes who are a short distance away.
   rElec:     It insulates you from electricity.
   Fly:       It grants you flight.
 V - a +2 barding of cold resistance (worn)
 W - a +3 plate armour of fire resistance
Magical Staves
 N - the staff "Qyzaopis" {rPois Will++ SInv Stlth- Fire Poison}
   (You found it on level 4 of the Shoals)

   [staff of poison]

   Base accuracy: +5 Base damage: 5 Base attack delay: 1.2 This weapon's minimum
   attack delay (0.6) is reached at skill level 12.
   rPois:     It protects you from poison.
   SInv:      It lets you see invisible.
   Will:      It greatly increases your willpower.
   Stlth:     It makes you less stealthy.
   It falls into the 'Staves' category.
   It is a one-handed weapon.
Jewellery
 j - the ring of Xiasais {rF+++ rC+ MP-9 Str+3 Dex+4}
   (You took it off a minotaur in a Gauntlet)

   [ring of protection from cold]

   Str:       It affects your strength (+3).
   Dex:       It affects your dexterity (+4).
   rF:        It renders you almost immune to fire.
   rC:        It protects you from cold.
   MP:        It affects your magic capacity (-9).
 t - a ring of wizardry (left hand)
 v - an amulet of magic regeneration (around neck)
 B - a ring of resist corrosion
 G - the ring of Forunluet {Fire rN+ Will+ Dex+3}
   (You found it on level 5 of the Lair of Beasts)

   [ring of fire]

   It enhances your fire magic.
   Dex:       It affects your dexterity (+3).
   rF:        It protects you from fire.
   rC:        It makes you vulnerable to cold.
   rN:        It protects you from negative energy.
   Will:      It increases your willpower.
 I - the ring "Feokuys" {Fly rF++}
   (You found it on level 14 of the Dungeon)

   [ring of flight]

   rF:        It greatly protects you from fire.
   Fly:       It grants you flight.
 Z - a +6 ring of intelligence (right hand)
Wands
 k - a wand of charming (47)
 y - a wand of flame (25)
 Q - a wand of light (20)
 T - a wand of mindburst (15)
 X - a wand of iceblast (14)
Scrolls
 d - 4 scrolls of vulnerability
 f - a scroll of silence
 l - 4 scrolls of brand weapon
 o - 2 scrolls of revelation
 p - 4 scrolls of enchant armour
 q - 7 scrolls of fog
 u - 12 scrolls of teleportation
 w - 4 scrolls of poison
 x - 4 scrolls of amnesia
 A - 3 scrolls of butterflies
 C - 3 scrolls of fear
 E - a scroll of identify
 F - 3 scrolls of enchant weapon
 Y - a scroll of torment
Potions
 b - 2 potions of brilliance
 e - 7 potions of might
 g - 6 potions of ambrosia
 h - 4 potions of invisibility
 i - 7 potions of curing
 m - 3 potions of lignification
 r - 5 potions of attraction
 s - a potion of magic
 z - 4 potions of enlightenment
 D - a potion of cancellation
 J - a potion of mutation
Miscellaneous
 c - a lightning rod (4/4)
 K - a phial of floods
 L - a box of beasts


   Skills:
 - Level 3.6 Fighting
 - Level 4.8 Armour
 - Level 1.7 Dodging
 - Level 3.2 Stealth
 - Level 4.0 Shields
 + Level 20.5 Spellcasting
 + Level 20.3 Conjurations
 - Level 8.7 Hexes
 - Level 11.2 Transmutations
 * Level 17.0 Earth Magic
 - Level 6.2 Poison Magic
 - Level 7.0 Invocations


You had 12 spell levels left.
You knew the following spells:

 Your Spells              Type           Power      Damage    Failure   Level
a - Magic Dart            Conj           100%       1d8       0%          1
b - Searing Ray           Conj           100%       2d8       0%          2
c - Olgreb's Toxic Radia  Pois           71%        N/A       1%          4
d - Iskenderun's Mystic   Conj/Tloc      85%        2d17      1%          4
e - Irradiate             Conj/Tmut      50%        3d28      0%          5
f - Yara's Violent Unrav  Hex/Tmut       42%        3d17      1%          5
g - Statue Form           Tmut/Erth      64%        N/A       1%          6
h - Ignite Poison         Fire/Tmut/Pois 69%        N/A       1%          3
i - Orb of Destruction    Conj           56%        9d14      1%          7
j - Leda's Unmaking       Conj/Erth      54%        9d9       0%          6
k - Lee's Rapid Deconstr  Erth           52%        3d24*     0%          5

Your spell library contained the following spells:

 Spells                   Type           Power      Damage    Failure   Level
 Sting                    Tmut/Pois      100%       1d8       0%          1
 Dazzling Flash           Conj/Hex       100%       N/A       0%          3
 Stone Arrow              Conj/Erth      100%       3d13      0%          3
 Fulminant Prism          Conj/Hex       49%        3d21      0%          4
 Leda's Liquefaction      Hex/Erth       46%        N/A       0%          4
 Petrify                  Tmut/Erth      97%        N/A       0%          4
 Iskenderun's Battlesphe  Conj           100%       2d15      0%          5
 Apportation              Tloc           74%        N/A       1%          1
 Cigotuvi's Dreadful Rot  Necr/Pois/Air  100%       N/A       1%          2
 Poisonous Vapours        Pois/Air       100%       N/A       1%          2
 Sublimation of Blood     Necr           37%        N/A       1%          2
 Confusing Touch          Hex            80%        N/A       1%          3
 Gell's Gravitas          Tloc           37%        N/A       1%          3
 Inner Flame              Hex/Fire       63%        N/A       1%          3
 Portal Projectile        Hex/Tloc       100%       N/A       1%          3
 Teleport Other           Tloc           37%        N/A       1%          3
 Tukima's Dance           Hex            80%        N/A       1%          3
 Vhi's Electric Charge    Tloc/Air       74%        N/A       1%          3
 Anguish                  Hex/Necr       31%        N/A       1%          4
 Animate Armour           Summ/Erth      100%       N/A       1%          4
 Cause Fear               Hex            40%        N/A       1%          4
 Ice Form                 Ice/Tmut       68%        N/A       1%          4
 Sticky Flame             Conj/Fire      85%        2d10      1%          4
 Alistair's Intoxication  Tmut/Pois      53%        N/A       1%          5
 Arcjolt                  Conj/Air       42%        1d52      1%          5
 Blade Hands              Tmut           44%        N/A       1%          5
 Borgnjor's Vile Clutch   Necr/Erth      39%        N/A       1%          5
 Fireball                 Conj/Fire      42%        3d17      1%          5
 Metabolic Englaciation   Hex/Ice        31%        N/A       1%          5
 Conjure Ball Lightning   Conj/Air       42%        3x3d15    1%          6
 Dragon Form              Tmut           44%        N/A       1%          7
 Lehudib's Crystal Spear  Conj/Erth      54%        10d13     1%          8
 Animate Dead             Necr           37%        N/A       2%          4
 Summon Lightning Spire   Summ/Air       37%        N/A       2%          4
 Shatter                  Erth           52%        3d39*     22%         9
 Death Channel            Necr           18%        N/A       36%         6
 Dispersal                Tloc           18%        N/A       36%         6
 Plasma Beam              Fire/Air       18%        2x1d30    36%         6
 Summon Hydra             Summ           18%        N/A       89%         7
 Ignition                 Fire           18%        3d7       100%        8
 Death's Door             Necr           18%        N/A       100%        9
 Dragon's Call            Summ           18%        N/A       100%        9


Dungeon Overview and Level Annotations

Branches:
Dungeon (15/15)            Temple (1/1) D:5            Lair (5/5) D:9
 Shoals (4/4) Lair:3        Snake (4/4) Lair:3        Slime (0/5) Lair:5
    Orc (2/2) D:10            Elf (2/3) Orc:2        Vaults (5/5) D:13
 Depths (0/4) D:15        Gauntlet (visited)
  Crypt: Vaults:2-3

Altars:
Ashenzari
Cheibriados
Dithmenos
Elyvilon
Fedhas
Gozag
Hepliaklqana
Kikubaaqudgha
Makhleb
Nemelex Xobeh
Okawaru
Qazlal
Ru
Sif Muna
Trog
Uskayaw
Vehumet
Wu Jian
Xom
Yredelemnul
Zin
The Shining One
Jiyva

Shops:
D:1 (((   D:10 *   Orc:2 ?([:=   Elf:2 *   Shoals:1 :   Snake:2 !(
Snake:4 (!![

Annotations:
D:10 3 runed translucent doors, jasper's ghost, novice OpSu
D:14 Kirke
Shoals:4 Nikola
Vaults:5 Bai Suzhen; Mara


Innate Abilities, Weirdness & Mutations

Your serpentine skin is tough. (AC +6)
You have supernaturally acute eyesight. (SInv)
Armour fits poorly on your strangely shaped body.
Your system is resistant to poisons. (rPois)
You cover ground very slowly.
You can spit poison.
You can use your snake-like lower body to constrict enemies.
Your body often deteriorates upon taking damage.
You are dopey. (Int -2)
You are frail. (-10% HP)
You are weak. (Str -2)
Your spells are a little easier to cast, but a little less powerful.
You occasionally lose the ability to drink potions when taking damage.


Message History

* * * LOW HITPOINT WARNING * * *
You step out of the flow of time.
You return to the normal time flow.
A vault sentinel, 2 vault wardens, an ironbound frostheart and 3 vault guards come into view.
The vault sentinel is wielding a +3 hand crossbow of flaming.
A vault guard is wielding a +2 heavy great sword.
The vault warden shouts! x2; The vault guard shouts!
The vault sentinel shouts!
The vault guard shouts!
You block Mara's attack. You block the vault warden's attack.
The vault sentinel blows a loud note on a signal horn!
The vault guard moves out of view.
You hear a shout!
A black bear comes into view.
The black bear growls angrily.
You hear a shout!
You hear a horrible gurgling sound!
You hear a deafening roar!
You hear a horrible gurgling sound!
You hear a shout! x3
You hear a deafening roar! x2; You hear a shout! x2
You step out of the flow of time.
You return to the normal time flow.
Cheibriados lowers the support of your attributes as your movement quickens.
A war gargoyle and an eye of devastation come into view.
The war gargoyle is wielding a +0 heavy flail.
The ironbound convoker shouts!
The dread lich shouts!
The vault warden shouts!
The vault guard shouts!
You hear a shout!
The ironbound convoker zaps a wand.
The mass of ice explodes!
The iceblast engulfs you! You partially resist.
* * * LOW HITPOINT WARNING * * *
The eye of devastation gazes at you. The bolt of energy misses you.
The war gargoyle moves out of view.
You hear a deafening roar! x2; The ironbound frostheart shouts!
The vault guard shouts!
You hear a deafening roar!
You hear a shout!
You hear two shouts!
You hear a horrible gurgling sound!
You hear a shout! x2
You hear a horrible gurgling sound!
You fail to use your ability.
The dread lich gestures wildly while chanting.
The dread lich flickers and vanishes for a moment.
You fail to use your ability.
The eye of devastation changes into a death drake!
The dread lich touches you but does no damage.
The war gargoyle launches metal splinters at you.
The spray of metal splinters hits you!!
You feel threatened and lose the ability to drink potions!
You die...

### .... ....#
#..p .....
#..p. .....p .
#.9p. .....#
.. ##..p#
#....##
#....k#[.....#
#............#
#.....@L.....#
#...........[#
#...pD#...[::#
##...# #######
#.... #^...
#... #...


You could see a dread lich (invisible), a storm dragon, a death drake shaped
shifter, 3 vault guards, an ironbound frostheart, a war gargoyle (catching
breath), a vault sentinel (reflecting) and an ironbound convoker.

Vanquished Creatures
  A tentacled monstrosity (Vaults:5)
  Rupert (Lair:3)
  A deep elf blademaster (Elf:2)
  A titan (Vaults:4)
  A sphinx (Vaults:3)
  Roxanne (Shoals:1)
  Ilsuiw (Shoals:3)
  5 nagarajas (Snake:4)
  5 vault wardens
  Aizul (Snake:1)
  2 orc warlords
  8 ironbound preservers
  2 formless jellyfish
  5 ironbound thunderhulks
  Nessos (D:14)
  A stone giant (Vaults:4)
  2 dire elephants (Vaults:4)
  Azrael (D:14)
  A deep elf annihilator (Elf:2)
  A minotaur (Gauntlet)
  Snorg (D:12)
  3 merfolk javelineers (Shoals:4)
  An entropy weaver (Vaults:5)
  An ettin (D:15)
  5 merfolk impalers
  A deep elf high priest (Elf:2)
  2 deep elf death magi
  6 yaktaur captains
  A great orb of eyes (Vaults:4)
  6 salamander tyrants
  2 catoblepae
  31 vault guards
  8 anacondas
  4 hydras
  A satyr (Shoals:4)
  A merfolk aquamancer (Shoals:4)
  6 centaur warriors
  2 ogre magi
  7 tengu warriors
  2 boulder beetles
  26 dancing weapons
  5 two-headed ogres
  8 death yaks (Lair:5)
  15 naga warriors
  A deep troll earth mage (Vaults:5)
  3 orc high priests (Orc:2)
  Nergalle (D:11)
  6 shock serpents
  12 naga sharpshooters
  15 deep elf knights
  Sonja (D:12)
  Amaemon (Lair:3)
  A death drake (shapeshifter) (D:15)
  7 skysharks
  10 sea snakes
  3 salamander mystics
  The ghost of Cetrigux the Jinx, a novice SpEn of Kikubaaqudgha (Lair:1)
  2 phantasmal warriors
  13 deep trolls
  7 skeletal warriors
  2 naga ritualists (Snake:4)
  4 lindwurms
  3 wizards
  An orange crystal statue (Gauntlet)
  18 harpies
  21 deep elf pyromancers
  19 deep elf zephyrmancers
  6 deep elf archers
  A necromancer (D:15)
  11 orc knights
  9 ironbound convokers
  A salamander (shapeshifter) (D:15)
  A harpy (shapeshifter) (D:14)
  A wolf spider (Lair:5)
  2 mana vipers
  11 manticores
  4 ugly things
  5 orc sorcerers
  15 fauns
  A shining eye (shapeshifter) (Vaults:4)
  6 cyclopes
  3 oklob plants (Lair:5)
  6 salamanders
  31 elephants
  A smoke demon (Gauntlet)
  Maurice (D:8)
  5 merfolk sirens
  10 guardian serpents
  An ice statue (Lair:1)
  22 black mambas
  12 vault sentinels
  6 water nymphs
  An orange demon (Lair:3)
  24 cane toads
  8 naga magi
  4 torpor snails
  Maggie (D:9)
  An unseen horror (D:13)
  Psyche (D:9)
  A rime drake (Lair:5)
  2 gargoyles
  3 freezing wraiths
  23 yaktaurs
  9 komodo dragons
  5 tengu conjurers
  A troll (shapeshifter) (Elf:1)
  24 merfolk
  A polar bear (Lair:4)
  A burning bush (Lair:4)
  5 trolls
  A queen bee (Lair:1)
  33 blink frogs
  4 wind drakes
  3 meliai (D:12)
  6 hornets
  17 dream sheep
  11 snapping turtles
  18 slime creatures
  A centaur simulacrum (D:15)
  A shadow (D:11)
  2 vampires
  3 water elementals
  46 yaks
  16 wyverns
  6 fire elementals
  3 air elementals
  3 basilisks
  2 hogs (D:14)
  2 vampire mosquitoes (D:13)
  3 wargs (Orc:2)
  31 nagas
  An acid dragon (D:11)
  A hell hound (D:14)
  26 water moccasins
  2 ice beasts
  A sky beast (D:7)
  36 orc warriors
  7 ogres
  7 wolves
  A boggart (D:13)
  8 centaurs
  2 phantoms (D:6)
  16 bullfrogs
  4 kobold brigands
  A gnoll sergeant (D:7)
  A cane toad simulacrum (Lair:1)
  5 scorpions
  4 wights
  37 killer bees
  An electric eel (Snake:2)
  A howler monkey (D:14)
  A crimson imp (Gauntlet)
  3 centaur zombies (D:6)
  3 jellies
  5 centaur skeletons
  26 orc priests
  2 sleepcaps
  A gnoll bouda (D:6)
  3 hounds
  5 iguanas
  35 orc wizards
  A killer bee zombie (D:6)
  3 howler monkey zombies (D:6)
  17 gnolls
  4 adders
  2 shadow imps
  2 white imps (D:5)
  2 ufetubi
  3 dart slugs (D:3)
  95 orcs
  5 ball pythons
  8 endoplasms
  2 giant cockroaches
  8 goblins
  10 hobgoblins
  2 jackals (D:3)
  10 kobolds
  3 quokkas
  7 bats
  A frilled lizard (D:2)
  3 rats
1272 creatures vanquished.

Vanquished Creatures (others)
  2 deep elf pyromancers
  A salamander (Snake:1)
  A water elemental (Elf:2)
  A hog (D:14)
5 creatures vanquished.

Grand Total: 1277 creatures vanquished

Notes
Turn   | Place    | Note
-------+----------+-------------------------------------------
     0 | D:1      | rabbitsville the Naga Conjurer began the quest for the Orb.
     0 | D:1      | Reached XP level 1. HP: 15/15 MP: 3/3
    14 | D:1      | Found Keyngetz's Antique Weapon Shop.
    16 | D:1      | Found Juofrun's Weapon Emporium.
    43 | D:1      | Found Eploo's Antique Weapon Emporium.
   339 | D:1      | Reached XP level 2. HP: 22/22 MP: 0/5
  1014 | D:1      | Reached XP level 3. HP: 28/28 MP: 1/7
  1168 | D:2      | Learned a level 2 spell: Searing Ray
  1974 | D:3      | Reached XP level 4. HP: 30/36 MP: 0/8
  2044 | D:3      | Found the +4 robe of Augmentation {Str+4 Int+4 Dex+4}
  2111 | D:3      | Found a sparkling altar of Nemelex Xobeh.
  2302 | D:3      | Found a white marble altar of Elyvilon.
  2512 | D:4      | Reached XP level 5. HP: 42/42 MP: 5/10
  2629 | D:4      | Reached skill level 5 in Conjurations
  2687 | D:4      | Reached XP level 6. HP: 46/49 MP: 4/13
  2941 | D:4      | Reached skill level 5 in Spellcasting
  2956 | D:4      | Reached skill level 1 in Poison Magic
  3223 | D:4      | Reached XP level 7. HP: 47/55 MP: 6/14
  3321 | D:5      | Entered Level 5 of the Dungeon
  3637 | D:5      | Found a staircase to the Ecumenical Temple.
  3649 | Temple   | Entered the Ecumenical Temple
  3688 | Temple   | Became a worshipper of Cheibriados the Contemplative
  3816 | D:5      | Learned a level 4 spell: Olgreb's Toxic Radiance
  4273 | D:6      | Reached XP level 8. HP: 62/62 MP: 11/17
  4414 | D:6      | Reached * piety under Cheibriados
  4495 | D:6      | Identified the +4 plate armour "Rauhyej" {rC- Dex+5}
  4809 | D:6      | Reached ** piety under Cheibriados
  4959 | D:6      | Reached skill level 5 in Poison Magic
  5264 | D:7      | Learned a level 4 spell: Iskenderun's Mystic Blast
  5288 | D:7      | Reached XP level 9. HP: 68/68 MP: 11/20
  5456 | D:7      | Noticed a hornet
  5459 | D:7      | Killed a hornet
  5798 | D:8      | Reached *** piety under Cheibriados
  5958 | D:8      | Noticed a two-headed ogre
  6046 | D:8      | Reached skill level 1 in Invocations
  6062 | D:8      | Noticed Maurice
  6078 | D:8      | Killed Maurice
  6182 | D:8      | Reached XP level 10. HP: 67/75 MP: 12/22
  6182 | D:8      | Killed a two-headed ogre
  6919 | D:9      | Reached **** piety under Cheibriados
  7035 | D:9      | Noticed Psyche
  7251 | D:9      | Found a staircase to the Lair.
  7356 | D:9      | Killed Psyche
  7357 | D:9      | Reached skill level 10 in Spellcasting
  7480 | D:9      | Noticed Maggie
  7492 | D:9      | Killed Maggie
  7493 | D:9      | Reached skill level 10 in Conjurations
  7536 | D:9      | Reached skill level 5 in Invocations
  7853 | D:10     | Entered Level 10 of the Dungeon
  7865 | D:10     | Reached XP level 11. HP: 77/81 MP: 10/25
  8014 | D:10     | Found Zin's Purification Station.
  8019 | D:10     | Found a glowing silver altar of Zin.
  8063 | D:10     | Found a runed translucent gate.
  8064 | D:10     | Found a runed translucent gate.
  8065 | D:10     | Found a runed translucent gate.
  8068 | D:10     | Noticed jasper's ghost (novice OpSu)
  8218 | D:10     | Found a staircase to the Orcish Mines.
  8602 | D:10     | Noticed a two-headed ogre
  8614 | D:10     | Killed a two-headed ogre
  8614 | D:10     | Reached ***** piety under Cheibriados
  8829 | D:11     | Learned a level 5 spell: Irradiate
  9012 | D:11     | Noticed a rakshasa
  9012 | D:11     | Noticed a purple ugly thing
  9012 | D:11     | Noticed a purple ugly thing
  9013 | D:11     | Noticed a green ugly thing
  9013 | D:11     | Noticed a centaur warrior
  9013 | D:11     | Noticed a deep elf pyromancer
  9024 | D:11     | Noticed a centaur warrior
  9050 | D:11     | Noticed a manticore
  9059 | D:11     | Killed a manticore
  9060 | D:11     | Reached skill level 1 in Transmutations
  9069 | D:11     | Noticed a boulder beetle
  9247 | D:11     | Noticed Nergalle
  9261 | D:11     | Killed Nergalle
  9414 | D:11     | Noticed a skeletal warrior
  9415 | D:11     | Noticed a skeletal warrior
  9526 | Orc:1    | Entered Level 1 of the Orcish Mines
  9663 | Orc:1    | Noticed an orc knight
  9672 | Orc:1    | Killed an orc knight
  9800 | Orc:1    | Noticed an orc knight
  9814 | Orc:1    | Killed an orc knight
  9916 | Orc:1    | Noticed an orc knight
  9922 | Orc:1    | Noticed an orc knight
  9931 | Orc:1    | Killed an orc knight
  9935 | Orc:1    | Killed an orc knight
 10019 | Orc:1    | Reached skill level 5 in Transmutations
 10083 | Orc:1    | Noticed an orc knight
 10083 | Orc:1    | Noticed an orc knight
 10172 | D:9      | Upgraded the game from 0.31-a0-175-g9f7f995f2b to
                  | 0.31-a0-177-g4aa6249778
 10173 | Lair:1   | Entered Level 1 of the Lair of Beasts
 10236 | Lair:1   | Found a gate leading to a gauntlet.
 10243 | Gauntlet | Entered a Gauntlet
 10243 | Gauntlet | Found a transporter.
 10252 | Gauntlet | Found a transporter.
 10269 | Gauntlet | Found a transporter.
 10270 | Gauntlet | Found a transporter.
 10272 | Gauntlet | Noticed a death yak
 10274 | Gauntlet | Noticed a death yak
 10274 | Gauntlet | Noticed a death yak
 10281 | Gauntlet | Found a transporter.
 10298 | Gauntlet | Found a transporter.
 10305 | Gauntlet | Noticed a blizzard demon
 10308 | Gauntlet | Found a transporter.
 10313 | Gauntlet | Found a transporter.
 10316 | Gauntlet | Found a transporter.
 10317 | Gauntlet | Noticed an orange crystal statue
 10324 | Gauntlet | Found a runed translucent door.
 10326 | Gauntlet | Found a transporter.
 10327 | Gauntlet | Found a transporter.
 10328 | Gauntlet | Found a runed translucent door.
 10328 | Gauntlet | Noticed a great orb of eyes
 10329 | Gauntlet | Found a transporter.
 10359 | Gauntlet | Noticed a green ugly thing
 10362 | Gauntlet | Found a transporter.
 10365 | Gauntlet | Noticed a purple ugly thing
 10377 | Gauntlet | Found a transporter.
 10518 | Gauntlet | Reached XP level 12. HP: 88/88 MP: 13/27
 10671 | Gauntlet | Noticed a tengu warrior
 10720 | Gauntlet | Identified the +0 pair of boots of the Trombone {rCorr}
 10755 | Gauntlet | Found the +5 Storm Queen's Shield {shock, Fly rElec}
 10755 | Gauntlet | Identified the +6 war axe "Cuohiban" {protect, *Noise rPois
                  | MP+9 SInv}
 10755 | Gauntlet | Identified the ring of Xiasais {rF+++ rC+ MP-9 Str+3 Dex+4}
 10755 | Gauntlet | Noticed a minotaur
 10761 | Gauntlet | Killed a minotaur
 10773 | Gauntlet | Got Nefibeqe's Catalogue of Transformation
 10775 | Gauntlet | Identified the +1 helmet of Absence {rN+ Will+}
 10776 | Gauntlet | Got the Volume of the Unholy Deep Freeze
 10788 | Gauntlet | Identified the +1 leather armour "Cusi" {Rampage rN++
                  | Stlth+}
 11036 | Lair:1   | Reached skill level 1 in Shields
 11045 | Lair:1   | Found a transporter.
 11045 | Lair:1   | Found a transporter.
 11146 | Lair:1   | Noticed a skyshark
 11150 | Lair:1   | Noticed Cetrigux's ghost (novice SpEn)
 11471 | Lair:1   | Reached ****** piety under Cheibriados
 11803 | Lair:2   | Noticed a skyshark
 12056 | Lair:2   | Reached skill level 1 in Hexes
 12071 | Lair:2   | Killed a skyshark
 12322 | Lair:2   | Gained mutation: You can use your snake-like lower body to
                  | constrict enemies. [Naga growth]
 12322 | Lair:2   | Reached XP level 13. HP: 94/94 MP: 29/29
 12675 | Lair:2   | Reached skill level 5 in Hexes
 13109 | Lair:3   | Noticed Rupert
 13110 | Lair:3   | Learned a level 5 spell: Yara's Violent Unravelling
 13116 | Lair:3   | Killed Rupert
 13187 | Lair:3   | Noticed Amaemon
 13200 | Lair:3   | Killed Amaemon
 13322 | Lair:3   | Found a staircase to the Snake Pit.
 13334 | Lair:3   | Found a staircase to the Shoals.
 13572 | Lair:3   | Reached skill level 1 in Fighting
 13573 | Lair:3   | Reached XP level 14. HP: 78/105 MP: 31/31
 14914 | Orc:1    | Reached skill level 1 in Earth Magic
 14993 | Orc:2    | Entered Level 2 of the Orcish Mines
 15065 | Orc:2    | Found a staircase to the Elven Halls.
 15298 | Orc:2    | Noticed an orc warlord
 15306 | Orc:2    | Killed an orc warlord
 15338 | Orc:2    | Found Rarum's Antique Armour Shop.
 15343 | Orc:2    | Found Zoxi Pis's Antique Weapon Boutique.
 15477 | Orc:2    | Learned a level 6 spell: Statue Form
 15592 | Orc:2    | Found Jiysag's Magic Scroll Boutique.
 15611 | Orc:2    | Bought a scroll of identify for 30 gold pieces
 15611 | Orc:2    | Bought a scroll of identify for 30 gold pieces
 15611 | Orc:2    | Bought a scroll of teleportation for 45 gold pieces
 15962 | Orc:2    | Found Zastruas's Book Shoppe.
 15981 | Orc:2    | Bought a book of the Spheres for 702 gold pieces
 16057 | Orc:2    | Found Isad's Jewellery Shoppe.
 16364 | D:12     | Noticed Snorg
 16382 | D:12     | Killed Snorg
 16442 | D:12     | Reached skill level 5 in Earth Magic
 16494 | D:12     | Noticed Sonja
 16497 | D:12     | Killed Sonja
 16923 | D:13     | Reached XP level 15. HP: 83/117 MP: 31/33
 17006 | D:12     | Learned a level 3 spell: Ignite Poison
 17259 | D:13     | Found a gate to the Vaults.
 17497 | D:13     | Learned a level 7 spell: Orb of Destruction
 17675 | D:14     | Found a blossoming altar of Fedhas.
 17764 | D:14     | Noticed Kirke
 17941 | Elf:1    | Entered Level 1 of the Elven Halls
 17951 | Elf:1    | Reached skill level 10 in Transmutations
 18679 | Snake:1  | Entered Level 1 of the Snake Pit
 18707 | Shoals:1 | Entered Level 1 of the Shoals
 18711 | Shoals:1 | Reached skill level 15 in Spellcasting
 18850 | Shoals:1 | Noticed Roxanne
 18859 | Shoals:1 | Found Paydot's Self-Improvement Boutique.
 18892 | Shoals:1 | Bought a manual of Spellcasting for 1280 gold pieces
 19015 | Shoals:1 | Killed Roxanne
 19057 | Shoals:1 | Identified the +7 rapier "Hantij" {pain, rElec rPois rF+
                  | Int-2}
 19168 | Shoals:1 | HP: 2/152 [centaur warrior/arrow (11)]
 19170 | Shoals:1 | Reached XP level 16. HP: 2/126 MP: 12/35
 19572 | Shoals:2 | Reached skill level 1 in Armour
 19866 | Lair:1   | Killed Cetrigux's ghost
 19867 | Lair:1   | Reached skill level 15 in Conjurations
 19947 | Lair:1   | Gained mutation: Your spells are a little easier to cast,
                  | but a little less powerful. [you]
 20315 | Shoals:3 | Noticed Ilsuiw
 20323 | Shoals:3 | Killed Ilsuiw
 20402 | Shoals:4 | Entered Level 4 of the Shoals
 20411 | Shoals:4 | Identified the +1 pair of gloves of the Camelopard {Drain
                  | rN+ Dex+4}
 20411 | Shoals:4 | Noticed Nikola
 21321 | Shoals:4 | Reached XP level 17. HP: 132/132 MP: 34/37
 21459 | Shoals:4 | Identified the staff "Qyzaopis" {rPois Will++ SInv Stlth-
                  | Fire Poison}
 21513 | Shoals:4 | Got a barnacled rune of Zot
 21778 | Snake:1  | Noticed Aizul
 21783 | Snake:1  | Killed Aizul
 23662 | Snake:2  | Found Rounaxtu's Weapon Shoppe.
 23812 | Snake:2  | Found Iphutim's Distillery.
 23816 | Snake:2  | Bought a potion of heal wounds for 65 gold pieces
 23816 | Snake:2  | Bought a potion of degeneration for 13 gold pieces
 24154 | Snake:2  | Identified 2 scrolls of acquirement
 24157 | Snake:2  | Acquired a +2 barding of cold resistance
 24168 | Snake:2  | Acquired 1309 gold pieces
 24335 | Snake:4  | Entered Level 4 of the Snake Pit
 24359 | Snake:4  | Found Zocw's Armour Boutique.
 24359 | Snake:4  | Found Jikethracw's Antique Weapon Shop.
 24360 | Snake:4  | Found Yramuch's Distillery.
 24362 | Snake:4  | Found Kohum's Distillery.
 24383 | Snake:4  | Gained mutation: You occasionally lose the ability to drink
                  | potions when taking damage. [mutagenic glow]
 24523 | Snake:4  | Learned a level 6 spell: Leda's Unmaking
 24539 | Snake:4  | Learned a level 5 spell: Lee's Rapid Deconstruction
 24618 | Snake:4  | Reached skill level 10 in Earth Magic
 24773 | Snake:4  | Reached XP level 18. HP: 139/139 MP: 36/40
 24866 | Snake:4  | Gained mutation: You are frail. (-10% HP) [mutagenic glow]
 24871 | Snake:4  | Gained mutation: Your body sometimes deteriorates upon
                  | taking damage. [mutagenic glow]
 25288 | Snake:4  | Got a serpentine rune of Zot
 25520 | Snake:2  | Acquired 516 gold pieces
 25724 | Lair:5   | Entered Level 5 of the Lair of Beasts
 25768 | Lair:5   | Found a viscous altar of Jiyva.
 26224 | Lair:5   | Identified the ring of Forunluet {Fire rN+ Will+ Dex+3}
 26906 | Lair:5   | Found a staircase to the Slime Pits.
 27239 | Elf:2    | Found Jicur's General Store.
 27241 | Elf:2    | Paralysed by an air elemental for 1 turns
 27244 | Elf:2    | Paralysed by an air elemental for 1 turns
 27246 | Elf:2    | Paralysed by an air elemental for 1 turns
 27250 | Elf:2    | Bought a scroll of identify for 38 gold pieces
 27250 | Elf:2    | Bought a scroll of identify for 38 gold pieces
 27276 | Elf:2    | Identified the +0 robe "Xiene" {rElec Will- Stlth+}
 27373 | Elf:2    | Reached XP level 19. HP: 102/130 MP: 42/42
 27407 | Elf:2    | Got Gabe's Handbook of Axaxaxas mlö
 27417 | Elf:2    | Got Dispater's Almanac of Plaster Cramp
 27439 | Elf:2    | Got the Codex of Sand
 27481 | Elf:2    | Found a runed translucent gate.
 27482 | Elf:2    | Found a runed translucent gate.
 27482 | Elf:2    | Found a runed translucent gate.
 27657 | Elf:2    | Paralysed by an air elemental for 1 turns
 28883 | D:14     | Identified the ring "Feokuys" {Fly rF++}
 28934 | D:14     | Noticed Nessos
 28938 | D:14     | Killed Nessos
 29264 | D:14     | Noticed Azrael
 29306 | D:14     | Killed Azrael
 29438 | D:15     | Entered Level 15 of the Dungeon
 29544 | D:15     | Found a flickering gateway to a bazaar.
 29553 | Bazaar   | Entered a bazaar
 29553 | Bazaar   | Found Tiss's Antique Armour Shoppe.
 29553 | Bazaar   | Found Xeinn's Magic Scroll Shoppe.
 29553 | Bazaar   | Found Erip's Distillery.
 29555 | Bazaar   | Found Soqees's Armour Emporium.
 29560 | Bazaar   | Bought a scroll of identify for 22 gold pieces
 29563 | Bazaar   | Bought a scroll of identify for 22 gold pieces
 29570 | Bazaar   | Bought a potion of magic for 144 gold pieces
 29575 | Bazaar   | Bought a fabulously ornate robe for 148 gold pieces
 29575 | Bazaar   | Identified the +3 robe of Sorcery {rC+} (You bought it in a
                  | shop in a bazaar)
 29588 | Bazaar   | Bought a scroll of teleportation for 33 gold pieces
 29588 | Bazaar   | Bought a scroll of teleportation for 33 gold pieces
 29588 | Bazaar   | Bought a scroll of amnesia for 44 gold pieces
 29678 | D:15     | Found a sacrificial altar of Ru.
 29851 | D:15     | Found a staircase to the Depths.
 29903 | D:15     | Identified the +5 scale mail of the Armadillo {Will+ MP+9}
 30598 | Vaults:1 | Entered Level 1 of the Vaults
 31060 | Vaults:2 | Reached skill level 15 in Earth Magic
 31169 | Vaults:2 | Reached XP level 20. HP: 106/137 MP: 22/43
 31800 | Vaults:5 | Entered Level 5 of the Vaults
 31801 | Vaults:5 | Noticed Bai Suzhen
 31808 | Vaults:5 | Noticed Mara
 31811 | Vaults:4 | HP: 5/178 [ettin/+0 dire flail (23)]
 32134 | Vaults:4 | Gained mutation: You are dopey. (Int -2) [mutagenic glow]
 32239 | Vaults:4 | Gained mutation: Your body often deteriorates upon taking
                  | damage. [mutagenic glow]
 32305 | Vaults:4 | Gained mutation: You are weak. (Str -2) [a shining eye]
 32325 | Vaults:5 | Identified the +5 scimitar of Theory {speed, rPois Int+3
                  | Dex+2}
 32326 | Vaults:5 | Noticed rabbitsville's illusion
 32330 | Vaults:5 | Noticed a dread lich
 32334 | Vaults:5 | Killed from afar by a war gargoyle

Illustrated notes

Levels and vault maps discovered:
D:1:      heliophobic_arrival_ceremonial_halls, layout_basic, serial_shops,
          shop, nicolae_shop_peninsula, shop, interstate_on_off,
          minmay_misc_feat_tower
D:2:      layout_basic, serial_bayou_lagoon_b
D:3:      layout_basic, mainiacjoe_overflow_catch_the_wave
D:4:      layout_loops_cross
D:5:      layout_cave_pools, minmay_temple_entry_statues_pillars
D:6:      layout_loops_ring, serial_undead, serial_undead_f, serial_undead_b,
          serial_undead_e, serial_undead_a, serial_undead_b, serial_undead_e,
          serial_undead_f, serial_undead_c
D:7:      layout_basic
D:8:      layout_basic, uniq_maurice
D:9:      layout_loops_ring, grunt_lair_entry_orc_guard_hut,
          serial_bayou_pond_e, hangedman_decor_points, uniq_maggie, uniq_psyche
D:10:     layout_basic, zin_purify, erik_orc_3, gammafunk_ghost_spectres
D:11:     layout_irregular_city, minivault_12, uniq_nergalle
D:12:     layout_roguey, uniq_snorg, uniq_sonja
D:13:     layout_gridville, hangedman_vaults_entry_quadrant_bands
D:14:     layout_loops_ring, fedhas_altar_2, uniq_azrael, uniq_nessos,
          uniq_kirke
D:15:     hangedman_depths_entry_civil_slaughter, layout_gridville,
          serial_shops, bzr_entry_gold, hangedman_ru_absence
Temple:   hellmonk_temple_of_storms
Lair:1:   layout_small_grid, portal_ice_cave_entry_ice_simulacra,
          nzn_ghost_randoct, special_room [special_room_bee],
          gauntlet_entry_generic, lemuel_fruit_tree
Lair:2:   layout_cave_pods
Lair:3:   layout_small_grid, elwin_shoals_entry_rocks,
          guppyfry_snake_entry_island, uniq_amaemon, uniq_rupert
Lair:4:   layout_hall_layers, eino_small_chamber_without_monster,
          evilmike_ambush [evilmike_ambush_outer_basic,
          evilmike_ambush_inner_basic]
Lair:5:   hangedman_lair_tendril_chambers, layout_cave_pods,
          minmay_slime_entry_oklob_enclosed, grunt_megastairs_3
Shoals:1: layout_shoals, nicolae_shop_self_help, uniq_roxanne
Shoals:2: layout_shoals, nicolae_shoals_this_corrosion
Shoals:3: layout_shoals, uniq_ilsuiw
Shoals:4: shoals_end_grunt_garden, layout_shoals,
          nicolae_shoals_the_drawing_of_the_three, uniq_nikola
Snake:1:  layout_misc_corridors, grunt_megastairs_1, uniq_aizul
Snake:2:  nicolae_snake_attic_fulla_snakes, layout_misc_corridors, serial_shops,
          shop, shop, grunt_megastairs_5, serial_bayou_shore_a
Snake:3:  cheibrodos_forgotten_conduit, layout_cave_town,
          nicolae_snake_salamander_fort, uniq_vashnia
Snake:4:  grunt_snake_rune_serpentine_throne, layout_misc_corridors,
          minmay_shoptagon
Orc:1:    layout_caves, special_room [special_room_orc]
Orc:2:    grunt_orc_community_town_hall, layout_caves,
          grunt_orc_community_big_house_1, grunt_orc_community_big_house_1,
          grunt_orc_community_house_2, grunt_orc_community_house_1,
          grunt_orc_community_house_2, grunt_orc_community_house_2,
          serial_shops, shop, bh_open_orc_temple
Elf:1:    eino_elf_arrival_customs, layout_onion_city, serial_glass,
          glass_columns_b, glass_columns_a, minivault_28, nicolae_elf_v_pinch
Elf:2:    nicolae_elf_blades_splatter_lattice [nicolae_blade_tridents],
          layout_geoelf_octagon, serial_shops, shop, bh_hangedman_babel_library
Vaults:1: mu_enter_wizlab_2, v_misc_17, v_alt_pattern_5,
          nicolae_vaults_stepped_doors, nicolae_vaults_little_guard_posts,
          nicolae_vaults_wrenched, grunt_vaults_diagonal, nicolae_vaults_heist,
          nicolae_vaults_diamond_2, hangedman_vaults_snaps, v_misc_5,
          vaults_room_ringed_pool, vaults_dpeg_emergency_exit,
          layout_vaults_big_cross
Vaults:2: vaults_standard_mumra_enter_the_diamond, vaults_room_glass_cross,
          v_alt_pattern_1, nicolae_vaults_yaktaur_gun_rack, vaults_mumra_hex,
          layout_vaults_omnigrid
Vaults:3: gammafunk_ghost_grave, nicolae_vaults_diagonal_hallway_6,
          nicolae_vaults_ring_of_whatevers, hangedman_vaults_cutoff,
          nicolae_vaults_trapezoid_1, nicolae_vaults_octothorpe,
          vaults_dpeg_diagonal, v_alt_pattern_4, minmay_crypt_entry_necro_gods,
          nicolae_vaults_network_barrier, nicolae_vaults_little_squares_5,
          nicolae_vaults_more_shelving_1, nicolae_vaults_house_2,
          nicolae_vaults_trapezoid_1, layout_vaults_chaotic_city
Vaults:4: portal_desolation_entry_garden, v_misc_5, v_misc_1,
          nicolae_vaults_variable_pillar_hall_cross, vaults_mumra_lcd,
          v_rooms_4, nicolae_vaults_closet_pinwheel_1,
          nicolae_vaults_network_star, v_alt_pattern_6, dpeg_vaults_waves,
          vaults_room_pools, nicolae_vaults_storage_room_water, v_misc_15,
          nicolae_vaults_diamond_1, nicolae_vaults_two_Ls,
          nicolae_vaults_rhombus_6, layout_vaults_maze, serial_shops,
          bzr_entry_road
Vaults:5: serial_shops, uniq_mara, uniq_bai_suzhen

Skill      XL: |  1  2  3  4  5  6  7  8  9 10 11 12 13 14 15 16 17 18 19 20 |
---------------+-------------------------------------------------------------+-----
Spellcasting   | 3 4 5 6 7 8 10 11 12 13 14 15 16 18 19 20 | 20.5
Conjurations   | 5 6 8 9 10 11 12 13 14 16 17 18 19 20 | 20.3
Poison Magic   | 1 3 5 6 |  6.2
Invocations    | 2 5 6 7 |  7.0
Transmutations | 5 6 8 10 11 | 11.2
Shields        | 4 |  4.0
Hexes          | 4 8 |  8.7
Fighting       | 1 3 |  3.6
Earth Magic    | 5 7 10 12 15 17 | 17.0
Armour         | 4 |  4.8
Dodging        | |  1.7
Stealth        | |  3.2

Action                     |  1- 3 |  4- 6 |  7- 9 | 10-12 | 13-15 | 16-18 | 19-21 || total
---------------------------+-------+-------+-------+-------+-------+-------+-------++-------
  Melee: Unarmed           |     6 |       |       |       |       |       |       ||     6
         Short sword       |       |     1 |       |       |       |       |       ||     1
         Whip              |       |       |     4 |     3 |       |       |       ||     7
         Punch             |       |       |     1 |       |       |       |       ||     1
         War axe           |       |       |       |    27 |   235 |   200 |    69 ||   531
         Constrict         |       |       |       |       |    80 |    71 |    14 ||   165
  Throw: Throwing net      |       |       |       |       |     1 |       |       ||     1
   Cast: Magic Dart        |    82 |    58 |   102 |   117 |    16 |    42 |     7 ||   424
         Searing Ray       |       |     8 |    64 |    81 |    22 |    34 |       ||   209
         Olgreb's Toxic Ra |       |       |     9 |    46 |    78 |   123 |    65 ||   321
         Iskenderun's Myst |       |       |       |    26 |    50 |    80 |     7 ||   163
         Irradiate         |       |       |       |    13 |    44 |   112 |    76 ||   245
         Yara's Violent Un |       |       |       |       |     6 |    24 |    10 ||    40
         Orb of Destructio |       |       |       |       |     7 |    28 |    16 ||    51
         Ignite Poison     |       |       |       |       |     6 |    92 |   118 ||   216
         Statue Form       |       |       |       |       |     2 |    13 |     5 ||    20
         Leda's Unmaking   |       |       |       |       |       |    21 |    33 ||    54
         Lee's Rapid Decon |       |       |       |       |       |    18 |     5 ||    23
 Invoke: Slouch            |       |       |       |     2 |     3 |       |     1 ||     6
         Step From Time    |       |       |       |       |     2 |     1 |     5 ||     8
Ability: Spit Poison       |       |       |       |       |     1 |     4 |     1 ||     6
  Evoke: Box of beasts     |       |       |       |       |     1 |       |       ||     1
    Use: Potion            |       |       |     2 |     3 |     1 |     4 |     5 ||    15
         Scroll            |       |       |     1 |     8 |     5 |    13 |     6 ||    33
   Stab: Sleeping          |       |       |       |     2 |     3 |       |       ||     5
 Armour: Robe              |     4 |     8 |    45 |    64 |   130 |   143 |   103 ||   497
         Skin              |       |       |       |     1 |    10 |    83 |    31 ||   125
  Dodge: Dodged            |    12 |     8 |    70 |   155 |   256 |   174 |   100 ||   775
         Repelled          |       |       |       |       |       |    16 |     2 ||    18
  Block: Kite shield       |       |       |       |    75 |   375 |   539 |   287 ||  1276

Table legend: (Time is in decaauts)
 A = Elapsed time spent in this place.
 B = Non-inter-level travel time spent in this place.
 C = Inter-level travel time spent in this place.
 D = Time resting spent in this place.
 E = Time spent auto-exploring this place.
 F = Levels seen in this place.
 G = Mean time per level.
                   A        B        C        D        E       F      G
               +--------+--------+--------+--------+--------+-----+--------+
         Total |  71648 |  64599 |   7049 |   2093 |  16465 |  40 | 1791.2 |
       Dungeon |  26723 |  24437 |   2286 |    504 |   8967 |  15 | 1781.5 |
        Temple |     72 |     72 |      0 |      0 |     22 |   1 |   72.0 |
          Lair |  16426 |  13476 |   2950 |      0 |   5628 |   5 | 3285.2 |
        Shoals |   4459 |   4164 |    295 |    796 |      0 |   4 | 1114.8 |
     Snake Pit |   6370 |   6163 |    207 |    129 |      0 |   4 | 1592.5 |
  Orcish Mines |   4536 |   3962 |    574 |      0 |   1125 |   2 | 2268.0 |
   Elven Halls |   7657 |   6921 |    736 |    314 |    722 |   2 | 3828.5 |
        Vaults |   3739 |   3739 |      0 |    347 |      0 |   5 |  747.8 |
        Bazaar |    115 |    115 |      0 |      0 |      0 |   1 |  115.0 |
      Gauntlet |   1548 |   1548 |      0 |      3 |      0 |   1 | 1548.0 |
               +--------+--------+--------+--------+--------+-----+--------+

Top non-repeatable levels by time:
  Lair:1: 4339 daAuts
   Elf:1: 4172 daAuts
  Lair:3: 3596 daAuts
   Elf:2: 3485 daAuts
  Lair:2: 3398 daAuts
    D:10: 3086 daAuts
  Lair:5: 3049 daAuts
   Orc:2: 3020 daAuts
    D:15: 2773 daAuts
 Snake:4: 2700 daAuts
     D:9: 2288 daAuts
     D:8: 2283 daAuts
  Lair:4: 2041 daAuts
    D:13: 1999 daAuts
    D:12: 1899 daAuts
